 Dungeon Crawl Stone Soup version 0.28.0-45-g0d030f2227 (webtiles) character file.

Game seed: 6622908533022689733

120 Icepheonix32 the Chiller (level 4, 0/32 HPs)
             Began as a Demonspawn Ice Elementalist on Apr 16, 2022.
             Slain by an orc priest
             ... wielding a +0 dagger
              (4 damage)
             ... on level 3 of the Dungeon.
             The game lasted 00:03:25 (3836 turns).

Icepheonix32 the Chiller (DsIE)                     Turns: 3836, Time: 00:03:27

Health: 0/32       AC:  2    Str: 10      XL:     4   Next: 75%
Magic:  1/7        EV: 13    Int: 16      God:
Gold:   110        SH:  0    Dex: 18 (20) Spells: 3/7 levels left

rFire   + . .      SeeInvis .     - Unarmed
rCold   + + .      Faith    .   (no shield)
rNeg    . . .      Spirit   .   a - +0 robe
rPois   +          Reflect  .   (no helmet)
rElec   +          Harm     .   (no cloak)
rCorr   +          Rampage  .   (no gloves)
Will    .....                   (no boots)
Stlth   ++........              (no amulet)
HPRegen 0.10/turn               h - +6 ring of dexterity
MPRegen 0.10/turn               j - ring of protection from cold

@: brilliant, resistant
A: demonic touch 1
a: no special abilities


You were on level 3 of the Dungeon.
You visited 1 branch of the dungeon, and saw 3 of its levels.

You collected 110 gold pieces.

Inventory:

Hand Weapons
 d - a +0 dagger
Armour
 a - a +0 robe (worn)
 n - a +0 chain mail
 p - a +1 pair of gloves of infusion
Jewellery
 h - a +6 ring of dexterity (left hand)
 j - a ring of protection from cold (right hand)
Scrolls
 b - 4 scrolls of identify {unknown}
 c - 2 scrolls of enchant armour {unknown}
 e - 2 scrolls of teleportation {unknown}
 g - a scroll of summoning {unknown}
 k - 3 scrolls of blinking {unknown}
 m - a scroll of amnesia {unknown}
 r - a scroll of fog {unknown}
Potions
 l - a potion of haste {unknown}
 o - a potion of berserk rage {unknown}
 q - a potion of heal wounds {unknown}


   Skills:
 * Level 1.2 Fighting
 + Level 0.1 Short Blades
 * Level 1.3 Armour
 + Level 2.4 Dodging
 + Level 2.2 Stealth
 * Level 1.0 Unarmed Combat
 + Level 2.4 Spellcasting
 + Level 4.0 Ice Magic


You had 3 spell levels left.
You knew the following spells:

 Your Spells              Type           Power      Damage    Failure   Level
a - Freeze                Ice            88%        1d10      3%          1
b - Ozocubu's Armour      Ice            22%        N/A       11%         3

Your spell library contained the following spells:

 Spells                   Type           Power      Damage    Failure   Level
 Frozen Ramparts          Ice            44%        1d6       11%         3
 Hailstorm                Conj/Ice       12%        3d5       65%         4


Dungeon Overview and Level Annotations

Branches:
Dungeon (3/15)

Altars:
Fedhas
Nemelex Xobeh
Xom
Zin


Innate Abilities, Weirdness & Mutations

Your touch may inflict minor irresistible damage on your foes.


Message History

You kill the orc!
Unknown command.
You freeze the orc.
The orc is lightly wounded.
The orc misses you.
You freeze the orc!
You kill the orc!
The orc priest looks satisfied for a moment.
You freeze the orc.
The orc is severely wounded.
The orc misses you.
The orc priest mumbles some strange prayers to Beogh against you.
Beogh smites you!
You freeze the orc.
You kill the orc!
The orc priest invokes the aid of Beogh against you.
Beogh smites you!
* * * LOW HITPOINT WARNING * * *
It was a potion of brilliance.
You feel clever all of a sudden. The orc barely misses you.
It was a potion of resistance.
You feel protected. The orc closely misses you.
Casting: Freeze (safe; 3% risk of failure)
Confirm with . or Enter, or press ? or * to list all spells.
Aiming: Freeze (safe; 3% risk of failure)
Press: ? - help, Shift-Dir - straight line, f - orc
Aim: an orc, wielding a +0 whip You feel a surge of power!
You freeze the orc!
You kill the orc!
Casting: Freeze (safe; 3% risk of failure)
Confirm with . or Enter, or press ? or * to list all spells.
Aiming: Freeze (safe; 3% risk of failure)
Press: ? - help, Shift-Dir - straight line, f - orc priest
Aim: an orc priest, wielding a +0 dagger You feel a surge of power!
You freeze the orc priest.
The orc priest is moderately wounded.
The orc priest hits you with a +0 dagger.
You die...

### #.# ..# .
#.# .
###o#######
######
#...).....#
.....#
#.#$......#
.....##
#o#########
......#
#@##......#
......#
#.##.####.#
>.....# #.##.#
#.#
......##+##
#.##.# #.#
..........#
#.##.# #.#
#'###.....####
#....# #.#
#..##........#
###### #.#
##.##......#.#
#.#
.#..#......#.#
#.#


You could see an orc priest.

Vanquished Creatures
  4 adders
  A gnoll (D:1)
  A dart slug (D:2)
  7 orcs (D:3)
  8 endoplasms
  2 giant cockroaches
  4 goblins
  3 hobgoblins
  4 jackals (D:1)
  7 kobolds
  3 quokkas
  4 ball pythons
  2 bats
  4 frilled lizards
  7 rats
61 creatures vanquished.

Notes
Turn   | Place    | Note
-------+----------+-------------------------------------------
     0 | D:1      | Icepheonix32 the Demonspawn Ice Elementalist began the
                  | quest for the Orb.
     0 | D:1      | Reached XP level 1. HP: 13/13 MP: 3/3
   446 | D:1      | Discovered your monstrous ancestry.
   446 | D:1      | Gained mutation: Your touch may inflict minor irresistible
                  | damage on your foes. [demonic ancestry]
   446 | D:1      | Reached XP level 2. HP: 20/20 MP: 0/5
   669 | D:1      | Found a faded altar of an unknown god.
  1196 | D:1      | Reached XP level 3. HP: 22/25 MP: 4/6
  1200 | D:1      | Learned a level 3 spell: Ozocubu's Armour
  2082 | D:2      | Reached skill level 1 in Fighting
  2086 | D:2      | Reached skill level 1 in Armour
  2234 | D:2      | Reached XP level 4. HP: 26/32 MP: 7/7
  3091 | D:3      | Found a blossoming altar of Fedhas.
  3152 | D:3      | Noticed an angel
  3153 | D:3      | Found a shimmering altar of Xom.
  3249 | D:3      | Reached skill level 4 in Ice Magic
  3403 | D:3      | Found a sparkling altar of Nemelex Xobeh.
  3683 | D:3      | Reached skill level 1 in Unarmed Combat
  3836 | D:3      | Slain by an orc priest

Illustrated notes

Levels and vault maps discovered:
D:1:      saegor_arrival_fortress, layout_basic, ebering_ecumenical_altar_rust,
          serial_forest, infiniplex_forest_end_1, infiniplex_forest_zigzag_1,
          infiniplex_forest_straight_2, infiniplex_forest_end_1,
          infiniplex_forest_end_3, infiniplex_forest_3_way,
          infiniplex_forest_clump_long
D:2:      layout_loops_ring
D:3:      layout_basic, grunt_temple_overflow_order_and_chaos_1,
          mainiacjoe_overflow_boulevard, fedhas_altar_2

Skill      XL: |  1  2  3  4 |
---------------+-------------+-----
Stealth        | 2 |  2.2
Dodging        | 2 |  2.4
Fighting       | 1 |  1.2
Armour         | 1 |  1.3
Ice Magic      | 4 |  4.0
Unarmed Combat | 1 |  1.0
Short Blades   | |  0.1
Spellcasting   | |  2.4

Action                   |  1- 3 |  4- 6 || total
-------------------------+-------+-------++-------
Melee: Dagger            |    55 |       ||    55
       Unarmed           |    12 |    23 ||    35
       Touch             |     8 |     5 ||    13
 Cast: Freeze            |    37 |    42 ||    79
  Use: Potion            |     1 |     2 ||     3
 Stab: Sleeping          |     3 |     2 ||     5
Armor: Robe              |    13 |     3 ||    16
Dodge: Dodged            |    63 |    34 ||    97
